 Dungeon Crawl Stone Soup version 0.31-a0-1042-ga9834b393d (webtiles) character file.

Game seed: 3531674817716285988

19054 senseless the Protected (level 12, -1/113 HPs)
             Began as a Minotaur Fighter on Nov 20, 2023.
             Was an Initiate of the Shining One.
             Killed from afar by a frost giant (15 damage)
             ... with a bolt of cold
             ... created by the fury of Okawaru
             ... on level 12 of the Dungeon.
             The game lasted 00:27:18 (13356 turns).

senseless the Protected (Minotaur Fighter)         Turns: 13356, Time: 00:27:18

Health: -1/113     AC: 27    Str: 26    XL:     12   Next: 33%
Magic:  8/11       EV:  7    Int:  5    God:    the Shining One [......]
Gold:   491        SH:  7    Dex: 12    Spells: 11/11 levels left

rFire   . . .        O - +7 broad axe of Dishonour {flame, Dex+2}
rCold   . . .        c - +0 buckler
rNeg    . . .        P - +4 plate armour "Fiwn" {+Inv Slay+6}
rPois   .            D - +1 hat
rElec   .            J - +0 cloak {rCorr}
rCorr   +            E - +2 pair of gloves {infuse}
SInv    +            F - +0 pair of boots
Will    .....        g - amulet of faith Stlth
                     u - ring of flight
HPRegen 0.38/turn    x - ring of see invisible
MPRegen 0.12/turn

%: faith, infuse magic (1 MP)
@: flying, glowing
A: horns 2, retaliatory headbutt
a: Renounce Religion, Evoke Invisibility


You were on level 12 of the Dungeon.
You worshipped the Shining One.
The Shining One was noncommittal.
You visited 2 branches of the dungeon, and saw 13 of its levels.

You collected 963 gold pieces.
You spent 472 gold pieces at shops.

Inventory:

Hand Weapons
 v - a +5 war axe
 w - the +10 whip "Qouhulih" {vamp, +Blink rC++ rCorr SInv}
   (You found it on level 6 of the Dungeon)

   rC++:      It greatly protects you from cold.
   SInv:      It lets you see invisible.
   +Blink:    It lets you blink.
   rCorr:     It protects you from acid and corrosion.
   The Shining One disapproves of the use of such an item.
 O - the +7 broad axe of Dishonour (weapon) {flame, Dex+2}
   (Okawaru gifted it to you on level 11 of the Dungeon)

   Dex+2:     It affects your dexterity (+2).
Missiles
 n - 2 throwing nets
 N - a silver javelin
Armour
 c - a +0 buckler (worn)
 e - a +2 scale mail of willpower
 i - a +0 plate armour
 l - +0 fire dragon scales
 m - a scarf of shadows
 t - a +2 chain mail of poison resistance
 y - a +2 pair of gloves
 D - a +1 hat (worn)
 E - a +2 pair of gloves of infusion (worn)
 F - a +0 pair of boots (worn)
 J - a +0 cloak of preservation (worn)
 P - the +4 plate armour "Fiwn" (worn) {+Inv Slay+6}
   (Okawaru gifted it to you on level 11 of the Dungeon)

   Slay+6:    It affects your accuracy & damage with ranged weapons and melee
   (+6).
   +Inv:      It lets you turn invisible.
Jewellery
 a - a ring of protection from cold
 g - an amulet of faith (around neck)
 u - a ring of flight (left hand)
 x - a ring of see invisible (right hand)
 K - a ring of protection from fire
 Q - a ring of protection from cold
Wands
 j - a wand of flame (22) (quivered)
 C - a wand of quicksilver (11)
 H - a wand of iceblast (7)
 I - a wand of paralysis (1)
Scrolls
 f - 3 scrolls of fear
 h - 2 scrolls of identify
 r - 9 scrolls of teleportation
 G - a scroll of vulnerability
 L - a scroll of revelation
Potions
 b - a potion of ambrosia
 d - a potion of invisibility
 k - 3 potions of heal wounds
 o - 5 potions of curing
 p - 2 potions of mutation
 q - 2 potions of might
 s - 3 potions of brilliance
 z - a potion of attraction
 A - 2 potions of magic
 B - a potion of enlightenment
 M - a potion of haste


   Skills:
 + Level 12.8 Fighting
 + Level 12.5 Axes
 + Level 12.8 Armour
 + Level 12.8 Shields


You had 11 spell levels left.
You didn't know any spells.
Your spell library contained the following spells:

 Spells                   Type           Power      Damage    Failure   Level
 Poisonous Vapours        Pois/Air       0%         N/A       100%        2
 Gell's Gravitas          Tloc           0%         N/A       100%        3
 Hailstorm                Conj/Ice       0%         3d3       100%        3
 Mephitic Cloud           Conj/Pois/Air  0%         N/A       100%        3
 Teleport Other           Tloc           0%         N/A       100%        3
 Animate Dead             Necr           0%         N/A       100%        4
 Passage of Golubria      Tloc           0%         N/A       100%        4
 Summon Ice Beast         Ice/Summ       0%         N/A       100%        4
 Borgnjor's Vile Clutch   Necr/Erth      0%         N/A       100%        5
 Freezing Cloud           Conj/Ice/Air   0%         6-21      100%        5
 Silence                  Hex/Air        0%         N/A       100%        5
 Death Channel            Necr           0%         N/A       100%        6
 Dispersal                Tloc           0%         N/A       100%        6
 Simulacrum               Ice/Necr       0%         N/A       100%        6
 Lehudib's Crystal Spear  Conj/Erth      0%         10d2      100%        8


Dungeon Overview and Level Annotations

Branches:
Dungeon (12/15)            Temple (1/1) D:7            Lair (0/5) D:9
    Orc (0/2) D:11

Altars:
Ashenzari
Cheibriados
Dithmenos
Elyvilon
Fedhas
Gozag
Hepliaklqana
Kikubaaqudgha
Makhleb
Nemelex Xobeh
Okawaru
Qazlal
Ru
Sif Muna
Trog
Uskayaw
Vehumet
Wu Jian
Xom
Yredelemnul
Zin
The Shining One

Shops:
D:2 (   D:8 [*([(   D:10 [   D:12 ?

Annotations:
D:12 1 runed translucent door


Innate Abilities, Weirdness & Mutations

You have a pair of horns on your head.
You reflexively headbutt those who attack you in melee.


Message History

No target in view!
No target in view!
No target in view!
No target in view!
No target in view!
No target in view!
No target in view!
No target in view!
No target in view!
No target in view!
You see here a +0 orcbow.
Okawaru sends forces against you! 2 frost giants and a tengu warrior come into view.
A frost giant is wielding a +1 battleaxe of freezing.
A frost giant is wielding a +1 battleaxe of freezing.
You slice the frost giant!! You burn the frost giant!
The frost giant is moderately wounded.
You hit the tengu warrior but do no damage.
You slice the frost giant!! You burn the frost giant!
The tengu warrior slips past you!
The tengu warrior hits you with a +0 great sword!
You block the tengu warrior's attack. x2
The frost giant hits you with a +1 battleaxe of freezing!!!
The frost giant freezes you!
The frost giant attacks as it pursues you!
The frost giant barely misses you. You furiously retaliate!
You headbutt the frost giant!
The tengu warrior hits you with a +0 great sword.
The tengu warrior pecks you but does no damage.
The tengu warrior claws you but does no damage.
The frost giant attacks as it pursues you!
The frost giant hits you but does no damage.
The frost giant barely misses you.
The frost giant gestures at you while chanting.
The bolt of cold hits the frost giant.
The frost giant resists.
The bolt of cold hits you!!
* * * LOW HITPOINT WARNING * * *
You see here a +0 orcbow.
The frost giant points at you and mumbles some strange words.
The bolt of cold hits you!
You die...

##.###.###.##.#
##.##.##.##..#
##.#'#.##...#
##...##...##
##.##.CQ##
#.#...##
############.###C#
............)# #.#
############.# #@#
# #.# #.# ######
#.###.#
.....#######.....#
####.........#####
###########


You could see 2 frost giants and a tengu warrior.

Vanquished Creatures
  Frances (D:12)
  Erolcha (D:12)
  A boulder beetle (D:11)
  5 two-headed ogres
  The ghost of senseless the Thaumaturge, a journeyman DEFE of Qazlal (D:12)
  Nergalle (D:10)
  An elephant (D:9)
  2 gargoyles (D:12)
  A kobold demonologist (D:11)
  A troll (D:9)
  A vampire (D:11)
  Sigmund (D:2)
  2 wraiths
  2 shadows
  21 yaks
  2 basilisks (D:9)
  4 fire bats (D:9)
  3 steam dragons
  2 vampire mosquitoes (D:12)
  Edmund (D:4)
  An acid dragon (D:11)
  A water moccasin (D:7)
  Duvessa (D:4)
  A hell hound (D:9)
  5 orc warriors (D:11)
  A sky beast (D:8)
  A black bear (D:5)
  An ice beast (D:6)
  An ogre (D:7)
  5 centaurs
  7 kobold brigands
  7 bullfrogs
  4 scorpions
  18 wights
  Dowan (D:4)
  4 killer bees (D:10)
  7 howler monkeys
  6 hounds
  3 jellies
  6 gnoll boudas
  10 orc priests
  An iguana (D:5)
  2 sleepcaps
  Ijyb (D:4)
  9 orc wizards
  36 gnolls
  4 adders
  2 shadow imps
  A white imp (D:7)
  2 worms
  3 dart slugs
  53 orcs
  4 bats
  5 endoplasms
  6 giant cockroaches
  4 goblins
  5 hobgoblins
  20 jackals
  30 kobolds
  8 quokkas
  5 ball pythons
  2 frilled lizards (D:3)
  2 rats (D:1)
350 creatures vanquished.

Vanquished Creatures (others)
  2 kobolds (D:9)
2 creatures vanquished.

Grand Total: 352 creatures vanquished

Notes
Turn   | Place    | Note
-------+----------+-------------------------------------------
     0 | D:1      | senseless the Minotaur Fighter began the quest for the Orb.
     0 | D:1      | Reached XP level 1. HP: 19/19 MP: 0/0
    66 | D:1      | Reached XP level 2. HP: 27/27 MP: 1/1
   508 | D:1      | Reached XP level 3. HP: 33/33 MP: 2/2
  1112 | D:2      | Found a blossoming altar of Fedhas.
  1250 | D:2      | Found Umy Ys Icw's Weapon Shoppe.
  1288 | D:2      | Noticed Sigmund
  1303 | D:2      | HP: 1/33 [something (4)]
  1306 | D:2      | Killed Sigmund
  1307 | D:2      | Reached skill level 5 in Shields
  1307 | D:2      | Reached XP level 4. HP: 16/41 MP: 3/3
  1307 | D:2      | Reached XP level 5. HP: 19/47 MP: 4/4
  1567 | D:2      | Reached skill level 5 in Armour
  1930 | D:3      | Reached skill level 5 in Fighting
  1930 | D:3      | Reached XP level 6. HP: 56/56 MP: 5/5
  2959 | D:4      | Found a glowing silver altar of Zin.
  2973 | D:4      | Reached skill level 5 in Axes
  2973 | D:4      | Reached XP level 7. HP: 37/62 MP: 6/6
  3104 | D:4      | Noticed Ijyb
  3112 | D:4      | Killed Ijyb
  3235 | D:4      | Noticed Duvessa
  3235 | D:4      | Noticed Dowan
  3248 | D:4      | Killed Duvessa
  3251 | D:4      | Killed Dowan
  3470 | D:4      | Found a shadowy altar of Dithmenos.
  3513 | D:4      | Found a broken altar of Ashenzari.
  3568 | D:4      | Found a shimmering blue altar of Sif Muna.
  3913 | D:4      | Reached XP level 8. HP: 62/71 MP: 7/7
  4106 | D:4      | Noticed Edmund
  4468 | D:4      | Killed Edmund
  4632 | D:5      | Entered Level 5 of the Dungeon
  4632 | D:5      | Found a bloodstained altar of Trog.
  4837 | D:5      | Found an opulent altar of Gozag.
  5360 | D:6      | Reached XP level 9. HP: 81/81 MP: 8/8
  5389 | D:6      | Identified the +10 whip "Qouhulih" {vamp, +Blink rC++ rCorr
                  | SInv}
  5560 | D:6      | Found an iron altar of Okawaru.
  5594 | D:6      | Became a worshipper of Warmaster Okawaru
  5775 | D:6      | Found a blossoming altar of Fedhas.
  5836 | D:6      | Found an ornate altar of the Wu Jian Council.
  6456 | D:7      | Reached * piety under Okawaru
  6763 | D:7      | Found a staircase to the Ecumenical Temple.
  6793 | Temple   | Entered the Ecumenical Temple
  6817 | D:7      | Found a shimmering altar of Xom.
  7205 | D:8      | Reached ** piety under Okawaru
  7212 | D:8      | Reached XP level 10. HP: 82/91 MP: 9/9
  7409 | D:8      | Found Seoquph's Armour Boutique.
  7485 | D:8      | Found Laom's Antique Weapon Shop.
  7495 | D:8      | Found Qemoog's General Store.
  7502 | D:8      | Bought a +1 pair of gloves of infusion for 231 gold pieces
  7577 | D:8      | Found Yhuhuodgh's Antique Armour Boutique.
  7581 | D:8      | Bought a pair of boots for 108 gold pieces
  7629 | D:8      | Found Qamn's Weapon Boutique.
  7674 | D:9      | Noticed an elephant
  7691 | D:9      | Killed an elephant
  7734 | D:9      | Reached *** piety under Okawaru
  7786 | D:9      | Identified the +1 leather armour "Hedeageq" {+Blink Regen+
                  | Dex+6}
  7792 | D:9      | Reached skill level 10 in Armour
  7835 | D:9      | Reached skill level 10 in Fighting
  7835 | D:9      | Reached skill level 10 in Shields
  7869 | D:9      | Found a staircase to the Lair.
  8189 | D:9      | Found a transporter.
  8267 | D:9      | Found a transporter.
  8434 | D:9      | Reached **** piety under Okawaru
  8435 | D:9      | Reached skill level 10 in Axes
  8541 | D:9      | Found a transporter.
  8648 | D:9      | Found a staircase to the Lair.
  8798 | D:10     | Entered Level 10 of the Dungeon
  8798 | D:10     | Noticed a two-headed ogre
  8805 | D:10     | Killed a two-headed ogre
  8901 | D:10     | Found a stormy altar of Qazlal.
  9002 | D:10     | Noticed a two-headed ogre
  9012 | D:10     | Killed a two-headed ogre
  9012 | D:10     | Reached ***** piety under Okawaru
  9013 | D:10     | Reached XP level 11. HP: 54/101 MP: 3/10
  9302 | D:10     | Noticed a two-headed ogre
  9310 | D:10     | Killed a two-headed ogre
  9543 | D:10     | Noticed Nergalle
  9554 | D:10     | Killed Nergalle
  9815 | D:10     | Found a snail-covered altar of Cheibriados.
  9816 | D:10     | Found Cheibriados's Comfort Zone.
 10101 | D:11     | Noticed a boulder beetle
 10101 | D:11     | Noticed a two-headed ogre
 10506 | D:11     | Noticed a two-headed ogre
 10515 | D:11     | Killed a two-headed ogre
 10851 | D:11     | Received a gift from Okawaru
 11184 | D:11     | Found a staircase to the Orcish Mines.
 11344 | D:11     | Killed a boulder beetle
 11794 | D:11     | Killed a two-headed ogre
 11797 | D:11     | Reached ****** piety under Okawaru
 12159 | D:11     | Found a staircase to the Orcish Mines.
 12303 | D:11     | Acquired the +7 broad axe of Dishonour {flame, Dex+2}
 12303 | D:11     | Received a gift from Okawaru
 12305 | D:11     | Acquired the +4 plate armour "Fiwn" {+Inv Slay+6}
 12305 | D:11     | Received a gift from Okawaru
 12365 | D:12     | Noticed Erolcha
 12370 | D:12     | Killed Erolcha
 12370 | D:12     | Received a gift from Okawaru
 12371 | D:12     | Reached XP level 12. HP: 113/113 MP: 7/11
 12482 | Temple   | Fell from the grace of Okawaru
 12482 | Temple   | Became a worshipper of the Shining One
 12622 | D:12     | Found a runed translucent door.
 12625 | D:12     | Noticed senseless's ghost (journeyman DEFE)
 12681 | D:12     | Killed senseless's ghost
 13050 | D:12     | Noticed Frances
 13060 | D:12     | Killed Frances
 13209 | D:12     | Found Fusyetri's Magic Scroll Boutique.
 13218 | D:12     | Bought a scroll of identify for 28 gold pieces
 13218 | D:12     | Bought a scroll of enchant armour for 105 gold pieces
 13308 | D:12     | Found a runed translucent door.
 13311 | D:12     | Noticed a fire giant
 13313 | D:12     | Noticed a tengu warrior
 13350 | D:12     | Noticed a frost giant
 13350 | D:12     | Noticed a frost giant
 13350 | D:12     | Noticed a tengu warrior
 13356 | D:12     | Killed from afar by a frost giant

Illustrated notes

Levels and vault maps discovered:
D:1:      minmay_arrival_hallway, layout_loops_corners, st_stairs_5,
          minivault_11, glass_columns_c
D:2:      layout_basic, serial_shops, nicolae_shop_tiny_glass, basic_altar,
          uniq_sigmund
D:3:      layout_basic
D:4:      lemuel_castle_with_subvaults [lemuel_castle_interior_carwin_3],
          layout_loops_ring, mainiacjoe_overflow_paths,
          overflow_temple_1_default, kennysheep_mini_moat,
          mainiacjoe_overflow_alcove_4, uniq_ijyb, uniq_edmund, uniq_duvessa
D:5:      layout_loops_ring, lemuel_doored_altar, overflow_temple_1_default
D:6:      layout_layer_cave, okawaru_ov_weapons_minmay,
          mainiacjoe_overflow_tiny_flanked, fedhas_ov_isle_minmay
D:7:      layout_loops_ring, xom_teletrap_fun, minmay_temple_entry_wispy
D:8:      layout_rooms, serial_shops, shop, nicolae_lakefront_shop,
          nicolae_shop_back_alley_shop, nicolae_shop_tiny_glass, shop
D:9:      gammafunk_cloud_chamber, layout_rooms, david_lair_generic
D:10:     layout_long_grid, kennysheep_mini, minmay_shop_chei, uniq_nergalle
D:11:     layout_loops_ring, david_orc_4, minmay_misc_feat_five,
          minmay_fractal_squares_5
D:12:     layout_loops_ring, ebering_ghost_reflecting_pool, serial_shops, shop,
          wad_hexagon, uniq_erolcha, uniq_frances
Temple:   jpeg_temple_clearing

Skill      XL: |  1  2  3  4  5  6  7  8  9 10 11 |
---------------+----------------------------------+-----
Armour         | 4 5 6 8 9 10 12 | 12.8
Shields        | 4 5 6 8 9 10 12 | 12.8
Fighting       | 4 5 6 7 9 10 12 | 12.8
Axes           | 3 4 5 7 9 10 12 | 12.5

Action                     |  1- 3 |  4- 6 |  7- 9 | 10-12 || total
---------------------------+-------+-------+-------+-------++-------
  Melee: War axe           |    73 |    94 |   265 |       ||   432
         Headbutt          |    10 |    21 |    84 |    95 ||   210
         Whip              |       |       |   148 |   384 ||   532
         Broad axe         |       |       |       |    51 ||    51
 Invoke: Receive Weapon    |       |       |       |     1 ||     1
         Receive Armour    |       |       |       |     1 ||     1
Ability: Evoke Blink       |       |       |       |     1 ||     1
  Evoke: Wand              |       |       |       |     6 ||     6
    Use: Potion            |     2 |       |     1 |     2 ||     5
         Scroll            |       |     6 |    10 |     6 ||    22
 Armour: Scale mail        |    53 |     1 |       |       ||    54
         Fire dragon scale |       |    54 |   149 |    21 ||   224
         Chain mail        |       |       |   151 |   300 ||   451
         Plate armour      |       |       |       |    46 ||    46
  Dodge: Dodged            |    41 |    48 |   142 |   142 ||   373
  Block: Buckler           |    13 |    30 |    88 |   109 ||   240

Table legend: (Time is in decaauts)
 A = Elapsed time spent in this place.
 B = Non-inter-level travel time spent in this place.
 C = Inter-level travel time spent in this place.
 D = Time resting spent in this place.
 E = Time spent auto-exploring this place.
 F = Levels seen in this place.
 G = Mean time per level.
                   A        B        C        D        E       F      G
               +--------+--------+--------+--------+--------+-----+--------+
         Total |  13392 |  12857 |    535 |    515 |  10131 |  13 | 1030.2 |
       Dungeon |  13360 |  12853 |    507 |    515 |  10131 |  12 | 1113.3 |
        Temple |     31 |      4 |     27 |      0 |      0 |   1 |   31.0 |
               +--------+--------+--------+--------+--------+-----+--------+

Top non-repeatable levels by time:
    D:11: 2279 daAuts
     D:4: 1938 daAuts
    D:10: 1284 daAuts
     D:9: 1194 daAuts
     D:3: 1009 daAuts
     D:6: 990 daAuts
     D:1: 915 daAuts
     D:2: 875 daAuts
     D:7: 843 daAuts
    D:12: 784 daAuts
     D:5: 730 daAuts
     D:8: 514 daAuts
  Temple: 31 daAuts
